 Dungeon Crawl Stone Soup version 0.30.1-11-g7821555f0a (webtiles) character file.

Game seed: 9463264014163802645

647 Aviaq the Shooter (level 7, -10/51 HPs)
             Began as a Human Hunter on Dec 2, 2023.
             Mangled by Edmund
             ... wielding a +5 dire flail of protection
              (14 damage)
             ... on level 5 of the Dungeon.
             The game lasted 00:10:51 (2263 turns).

Aviaq the Shooter (Human Hunter)                    Turns: 2263, Time: 00:10:52

Health: -10/51     AC:  5    Str: 11    XL:     7   Next: 82%
Magic:  9/9        EV: 13    Int: 15    God:
Gold:   112        SH:  0    Dex: 22    Spells: 9/9 levels left

rFire   . . .        k - +2 flail "Wezimob" {vamp, Dex+3}
rCold   . . .        (no shield)
rNeg    . . .        h - +2 leather armour {rPois}
rPois   +            (no helmet)
rElec   .            (no cloak)
rCorr   .            (no gloves)
SInv    .            (no boots)
Will    .....        (no amulet)
Stlth   ++           e - +6 ring of intelligence
HPRegen 0.28/turn    (no ring)
MPRegen 0.11/turn

%: no passive effects
@: invisible
A: no striking features
a: no special abilities


You were on level 5 of the Dungeon.
You visited 1 branch of the dungeon, and saw 5 of its levels.
You also visited: Sewer.

You collected 112 gold pieces.

Inventory:

Hand Weapons
 a - a +0 shortbow
 k - the +2 flail "Wezimob" (weapon) {vamp, Dex+3}
   (You found it on level 5 of the Dungeon)

   Dex:       It affects your dexterity (+3).
Missiles
 f - a throwing net
Armour
 h - a +2 leather armour of poison resistance (worn)
Jewellery
 e - a +6 ring of intelligence (left hand)
Scrolls
 d - a scroll of fog
 g - a scroll of noise
 l - a scroll of vulnerability
Potions
 b - a potion of attraction {unknown}
 c - a potion of flight {unknown}
 j - a potion of cancellation {unknown}


   Skills:
 * Level 2.9 Fighting
 * Level 0.1 Maces & Flails
 * Level 6.7 Ranged Weapons
 * Level 1.6 Throwing
 * Level 1.9 Armour
 * Level 3.0 Dodging
 * Level 2.6 Stealth
 * Level 1.5 Spellcasting
 * Level 1.5 Evocations


You had 9 spell levels left.
You didn't know any spells.
Your spell library contained the following spells:

 Spells                   Type           Power      Damage    Failure   Level
 Volatile Blastmotes      Fire/Tloc      2%         2d10      67%         3
 Fulminant Prism          Conj/Hex       0%         3d5       97%         4
 Iskenderun's Mystic Bla  Conj/Tloc      1%         2d3       97%         4
 Lee's Rapid Deconstruct  Erth           0%         3d4*      100%        5


Dungeon Overview and Level Annotations

Branches:
Dungeon (5/15)              Sewer (visited)
 Temple: D:4-7

Altars:

Annotations:
D:5 Edmund


Message History

Edmund hits you but does no damage.
You barely miss Edmund.
Edmund is severely wounded.
Edmund hits you with a +5 dire flail of protection.
Edmund misses you.
You hit Edmund.
Edmund is severely wounded.
Edmund hits you with a +5 dire flail of protection!
You feel much better. Edmund barely misses you.
You hit Edmund.
Edmund is almost dead.
Edmund barely misses you.
You hit Edmund but do no damage.
Edmund is almost dead.
Edmund closely misses you.
Edmund hits you with a +5 dire flail of protection!
You hit Edmund.
Edmund is almost dead.
Edmund hits you with a +5 dire flail of protection.
You feel much better.
Edmund hits you with a +5 dire flail of protection.
You hit Edmund but do no damage.
Edmund is almost dead.
Edmund hits you with a +5 dire flail of protection!
Edmund barely misses you.
You hit Edmund but do no damage.
Edmund is almost dead.
Edmund hits you with a +5 dire flail of protection!
You hit Edmund.
Edmund is almost dead.
Edmund hits you with a +5 dire flail of protection!
* * * LOW HITPOINT WARNING * * *
It was a potion of invisibility.
You fade into invisibility!
Edmund barely misses you.
You strike the helpless Edmund from behind!
You hit Edmund but do no damage.
Edmund is almost dead.
Edmund hits you with a +5 dire flail of protection!
You die...

* #######.## *,,,,,,,,* *, * #.#
*,***,*,,* *, * #.# *,* *,*,,* **
* ##'## *,* *,*,,* ** ##...## *,*
*,*,,* ,** ##.....## *,***.*,,*
*,** *#.......## *,,...,,,* #
,,,***#.........###.....,.#######
,,,,,.'.........@@o.....,o@......
,,,*###.........####...:*########
*,** ##.......## **,*.* # ***
##.....## ***,** # ##...## *,,* #
*** ##'#* **,* # ,,* #.* *,* #
*,* #,* *,* *,* **,************,*


You could see Edmund (unable to see you) and an orc (unable to see you).

Vanquished Creatures
  An ogre (D:5)
  A phantom (D:5)
  Blork the orc (D:4)
  2 kobold brigands (Sewer)
  2 scorpions (D:5)
  6 adders
  4 river rats (Sewer)
  A shadow imp (D:5)
  A worm (D:3)
  7 orcs
  3 ball pythons
  2 bats
  2 endoplasms (D:1)
  4 giant cockroaches
  4 goblins
  4 hobgoblins
  9 jackals
  2 kobolds (Sewer)
  3 quokkas
  7 frilled lizards
  8 rats
74 creatures vanquished.

Notes
Turn   | Place    | Note
-------+----------+-------------------------------------------
     0 | D:1      | Aviaq the Human Hunter began the quest for the Orb.
     0 | D:1      | Reached XP level 1. HP: 16/16 MP: 1/1
    55 | D:1      | Reached XP level 2. HP: 22/22 MP: 2/2
   136 | D:2      | Reached XP level 3. HP: 27/27 MP: 3/3
   357 | D:3      | Reached XP level 4. HP: 33/33 MP: 4/4
   394 | D:4      | Reached skill level 5 in Ranged Weapons
   548 | D:4      | Noticed Blork the orc
   559 | D:4      | Killed Blork the orc
   560 | D:4      | Reached XP level 5. HP: 20/38 MP: 5/5
   603 | D:5      | Entered Level 5 of the Dungeon
   701 | D:5      | Found a glowing drain.
   718 | Sewer    | Entered a sewer
   736 | Sewer    | Reached skill level 1 in Armour
   899 | Sewer    | Noticed a kobold brigand
   903 | Sewer    | Killed a kobold brigand
   904 | Sewer    | Reached XP level 6. HP: 46/46 MP: 7/7
   915 | Sewer    | Reached skill level 1 in Throwing
   915 | Sewer    | Reached skill level 1 in Spellcasting
   925 | Sewer    | Reached skill level 6 in Ranged Weapons
   925 | Sewer    | Reached skill level 1 in Evocations
  1564 | D:5      | Reached XP level 7. HP: 46/51 MP: 8/8
  1811 | D:5      | Noticed Edmund
  2056 | D:5      | Identified the +2 flail "Wezimob" {vamp, Dex+3}
  2100 | D:5      | HP: 1/51 [ogre/+0 giant club (14)]
  2263 | D:5      | Mangled by Edmund

Illustrated notes

Levels and vault maps discovered:
D:1:      minmay_arrival_doors, layout_loops_ring
D:2:      layout_loops_ring, corexii_corridor_pit, minmay_misc_feat_tiny,
          kennysheep_generic_room_14, uniq_terence
D:3:      layout_basic, roderic_filled_cross
D:4:      layout_loops_ring, pdpol_temple_overflow_zin_treasury_gozag_greed,
          temple_hall, uniq_natasha, uniq_blork_the_orc
D:5:      layout_loops_corners, portal_sewer_entry_f, uniq_edmund,
          uniq_crazy_yiuf_cottage

Skill      XL: |  1  2  3  4  5  6  7 |
---------------+----------------------+-----
Ranged Weapons | 5 6 |  6.7
Armour         | 1 |  1.9
Throwing       | 1 |  1.6
Stealth        | 2 |  2.6
Spellcasting   | 1 |  1.5
Evocations     | 1 |  1.5
Dodging        | 3 |  3.0
Fighting       | |  2.9
Maces & Flails | |  0.1

Action                     |  1- 3 |  4- 6 |  7- 9 || total
---------------------------+-------+-------+-------++-------
  Melee: Flail             |       |       |    19 ||    19
   Fire: Shortbow          |    57 |    94 |    42 ||   193
  Evoke: Wand              |       |    15 |     3 ||    18
    Use: Scroll            |     2 |     3 |     6 ||    11
         Potion            |       |       |     5 ||     5
   Stab: Invisible         |       |       |     1 ||     1
 Armour: Leather armour    |     9 |    19 |     5 ||    33
  Dodge: Dodged            |    31 |    49 |    24 ||   104
